 Dungeon Crawl Stone Soup version 0.21.0 (webtiles) character file.

56 GordonOverkill the Ducker (level 3, -2/17 HPs)
             Began as a Felid Berserker on Jan 7, 2018.
             Was a Believer of Trog.
             Slain by a scorpion (10 damage)
             ... on level 2 of the Dungeon.
             The game lasted 00:04:40 (872 turns).

GordonOverkill the Ducker (Felid Berserker)          Turns: 872, Time: 00:04:40

Health: -2/17      AC:  1    Str: 13    XL:     3   Next: 71%
Magic:  4/4        EV: 19    Int:  8    God:    Trog [**....]
Gold:   56         SH:  0    Dex: 16    Spells: 2/2 levels left
                                        Lives:  0   Deaths: 0

rFire    . . .     SeeInvis +     - Unarmed
rCold    . . .     Gourm    .   (shield unavailable)
rNeg     . . .     Faith    .   (armour unavailable)
rPois    .         Spirit   .   (helmet unavailable)
rElec    .         Reflect  .   (cloak unavailable)
rCorr    .         Harm     .   (gloves unavailable)
MR       .....                  (boots unavailable)
Stlth    +++.......             (no amulet)
HPRegen  0.05/turn              (no ring)
MPRegen  0.09/turn              (no ring)

@: quick
A: very small, no armour, no weapons or thrown items, stealth, claws 1, fangs 3,
see invisible, carnivore, speed 1, shaggy fur 1, slow metabolism 1, sharp paws
a: Berserk, Trog's Hand, Burn Spellbooks, Renounce Religion


You were on level 2 of the Dungeon.
You worshipped Trog.
Trog was pleased with you.
You were very full.

You visited 1 branch of the dungeon, and saw 2 of its levels.

You collected 56 gold pieces.

Inventory:

Jewellery
 h - a +3 ring of strength {unknown}
Scrolls
 d - 2 scrolls of teleportation {unknown}
 f - 2 scrolls of remove curse {unknown}
 g - a scroll of immolation {unknown}
 i - a scroll of random uselessness {unknown}
 j - a scroll of identify {unknown}
 l - a scroll of noise {unknown}
Potions
 b - 2 potions of lignification {unknown}
 c - a potion of degeneration {unknown}
 e - a potion of flight {unknown}
 k - a potion of ambrosia {unknown}
 m - a potion of heal wounds {unknown}
Comestibles
 a - 3 rations


   Skills:
 + Level 3.4 Fighting
 - Level 4.0 Dodging
 + Level 2.1 Stealth
 * Level 4.0 Unarmed Combat


You had 2 spell levels left.
You didn't know any spells.

Dungeon Overview and Level Annotations

Branches:
Dungeon (2/15)

Altars:


Innate Abilities, Weirdness & Mutations

You cannot wear armour.
You are incapable of wielding weapons or throwing items.
Your paws allow you to move quietly. (Stealth)
You have sharp claws.
You have razor-sharp teeth.
You have supernaturally acute eyesight. (SInv)
You are carnivorous and can eat meat at any time.
You cover ground quickly.
You are covered in fur. (AC +1)
You have a slow metabolism.
Your sharp claws are effective at attacking unaware monsters.


Message History

The bat barely misses you.
The giant cockroach bites you but does no damage.
You claw the giant cockroach!
You kill the giant cockroach!
Trog accepts your kill. The bat misses you. The bat completely misses you.
The bat hits you. x2
You climb upwards.
There is a stone staircase leading down here.
You start resting.
You feel yourself speed up.
You start resting.
You recover from your berserk rage.
You start resting.
HP restored.
You climb downwards.
The bat misses you. The scorpion stings you!
Ouch! That really hurt!
The scorpion stings you!
Ouch! That really hurt!
You die...

.......................
#######.#.#..........#.
#.#+#......s...#
#).............#
##.....?........# ..
+..............
....##.....##.....
........b..........
.........@..##.#+#..
.#..<.....s.........
#..................
#.......#+#.#...#..
##......# #........
....#.... .....#...
######### ..#... ..
...#...> . ........


You could see a scorpion and a bat.

Vanquished Creatures
  An adder (D:2)
  An ooze (D:2)
  A worm (D:2)
  2 dart slugs (D:1)
  2 giant cockroaches (D:2)
  5 hobgoblins (D:1)
  2 kobolds (D:1)
  6 bats (D:1)
  5 frilled lizards
  7 goblins
  6 rats (D:1)
38 creatures vanquished.

Notes
Turn   | Place    | Note
-------+----------+-------------------------------------------
     0 | D:1      | GordonOverkill the Felid Berserker began the quest for the Orb.
     0 | D:1      | Reached XP level 1. HP: 10/10 MP: 2/2
   155 | D:1      | Reached skill level 1 in Stealth
   155 | D:1      | Reached XP level 2. HP: 13/14 MP: 3/3
   342 | D:1      | Reached ** piety under Trog
   489 | D:1      | Reached XP level 3. HP: 17/17 MP: 4/4
   831 | D:2      | Noticed a scorpion
   872 | D:2      | Slain by a scorpion

Skill      XL: |  1  2  3 |
---------------+----------+-----
Stealth        | 1 2 |  2.1
Unarmed Combat | 4 |  4.0
Fighting       | |  3.4
Dodging        | |  4.0

Action                   || total
-------------------------++-------
Melee: Unarmed           ||    76
       Bite              ||     8
       Punch             ||     3
Invok: Berserk           ||     3
 Stab: Sleeping          ||     4
  Eat: Chunk             ||     9
Armor: Skin              ||     4
Dodge: Dodged            ||    67
